 Dungeon Crawl Stone Soup version 0.18-a0-1308-g45b86c9 (webtiles) character file.

41 Reinor the Ducker (level 3, 0/19 HPs)
             Began as a Spriggan Abyssal Knight on Feb 13, 2016.
             Was a Follower of Lugonu.
             Killed from afar by a white imp (11 damage)
             ... with a puff of frost
             ... summoned by Natasha
             ... on level 3 of the Dungeon.
             The game lasted 00:03:39 (1157 turns).

Reinor the Ducker (Spriggan Abyssal Knight)         Turns: 1157, Time: 00:03:39

Health: 0/19       AC:  2    Str:  8    XL:     3   Next: 32%
Magic:  5/5        EV: 18    Int: 14    God:    Lugonu [*.....]
Gold:   142        SH:  0    Dex: 15    Spells: 0 memorised, 2 levels left

rFire  . . .     SeeInvis +     a - +2 short sword
rCold  . . .     Gourm    .     b - +0 robe
rNeg   . . .     Faith    .     (shield restricted)
rPois  .         Spirit   .     (helmet restricted)
rElec  .         Dismiss  .     (no cloak)
rCorr  .         Reflect  .     (gloves unavailable)
SustAt .         Harm     .     (boots unavailable)
MR     .....                    (no amulet)
Stlth  +++.......               (no ring)
                                (no ring)

@: slowed, quick, not resistant to hostile enchantments, fairly stealthy
A: unfitting armour, see invisible, herbivore 3, speed 3, slow metabolism 2
a: Depart the Abyss, Renounce Religion


You were on level 3 of the Dungeon.
You worshipped Lugonu.
Lugonu was aware of your devotion.
You were not hungry.

You visited 1 branch of the dungeon, and saw 3 of its levels.
You visited the Abyss 1 time.

You collected 142 gold pieces.

Inventory:

Hand Weapons
 a - a +2 short sword (weapon)
Missiles
 f - 3 needles of confusion
 g - 16 poisoned needles
Armour
 b - a +0 robe (worn)
Wands
 d - a wand of flame (22/48)
Scrolls
 e - a scroll of teleportation {unknown}
 h - a scroll of fear {unknown}
 i - a scroll of remove curse {unknown}
Comestibles
 c - a bread ration
 j - 3 fruits


   Skills:
 - Level 2.4 Fighting
 + Level 3.3 Short Blades
 - Level 3.5 Dodging
 + Level 3.2 Stealth
 - Level 1.7 Invocations


You had 2 spell levels left.
You didn't know any spells.

Dungeon Overview and Level Annotations

Branches:
Dungeon (3/15)

Altars:
Nemelex Xobeh

Annotations:
D:3 Natasha


Innate Abilities, Weirdness & Mutations

You are tiny and cannot use many weapons and most armour.
You have supernaturally acute eyesight.
You are an herbivore.
You cover ground extremely quickly.
You need consume almost no food.


Message History

The hobgoblin closely misses you.
You hit the hobgoblin.
You kill the hobgoblin!
Lugonu accepts your kill. The crimson imp puffs mist at you.
Natasha stares at you and mumbles some strange words.
You feel yourself slow down.
You closely miss Natasha. The rat completely misses you.
Natasha mumbles some strange words.
The iron imp hits you. Natasha misses you.
The crimson imp blinks!
You hit the white imp.
The white imp is moderately wounded.
The white imp closely misses you. The rat misses you.
Natasha completely misses you. The white imp closely misses you.
The iron imp misses you. The white imp gestures at you.
The puff of frost hits you!
Ouch! That really hurt!
You die...

#... #..#
##########..#
............# .
............####.#
.................#
...).......<.....#
.................#
.....$..@5.......#
........rh.......#
......†..5.......#
...>(...).......##
#####.#..........#
#.#...)..>...#
#.<..........#
........5....
............


You could see an iron imp, Natasha, a crimson imp, a white imp and a rat.

Vanquished Creatures
  An adder (D:2)
  A gnoll (D:1)
  2 goblins (D:1)
  5 hobgoblins
  5 bats
  5 kobolds
  3 rats
22 creatures vanquished.

Notes
Turn   | Place    | Note
--------------------------------------------------------------
     0 | Abyss:1  | Reinor the Spriggan Abyssal Knight began the quest for the Orb.
     0 | Abyss:1  | Reached XP level 1. HP: 11/11 MP: 3/3
    12 | Abyss:1  | Found a corrupted altar of Lugonu.
    89 | Abyss:3  | Noticed a small abomination
   134 | Abyss:4  | Noticed a large abomination
   146 | Abyss:4  | Noticed a large abomination
   164 | Abyss:4  | Noticed an ancient zyme
   166 | D:1      | Escaped the Abyss
   174 | D:1      | Reached skill level 1 in Stealth
   174 | D:1      | Reached XP level 2. HP: 16/16 MP: 2/4
   277 | D:1      | Reached * piety under Lugonu
   488 | D:1      | Found a sparkling altar of Nemelex Xobeh.
   918 | D:2      | Reached XP level 3. HP: 15/19 MP: 5/5
  1143 | D:3      | Noticed Natasha
  1157 | D:3      | Killed from afar by a white imp

Vault maps used:
D:1:      dpeg_arrival_simpleton_c, nemelex_diamond_rough_becter
D:2:      lemuel_crystal_altar, uniq_iyjb
D:3:      lemuel_castle_with_subvaults, fedhas_altar_4,
          nicolae_overflow_crystal_walls, uniq_natasha
Abyss:2:  hangedman_abyss_river_spirits
Abyss:3:  nicolae_abyss_rune_containment_breach
Abyss:4:  nicolae_abyss_rune_more_like_crabyss

Action                   || total
-------------------------++-------
Melee: Short sword       ||    69
Invok: Depart the Abyss  ||     1
Evoke: Wand              ||     3
  Use: Scroll            ||     2
 Stab: Sleeping          ||     5
